 Seeded DCSS version 0.31-a0-810-ga77100ea1a (webtiles) character file.

Game seed: 7675213799449126042 (custom seed)

189 bmack86 the Chopper (level 5, -3/45 HPs)
             Began as a Minotaur Fighter on Sept 22, 2023.
             Succumbed to a kobold brigand's curare-tipped dart
             ... in a sewer.
             The game lasted 00:03:34 (2012 turns).

bmack86 the Chopper (Minotaur Fighter)              Turns: 2012, Time: 00:03:35

Health: -3/45      AC: 11    Str: 23    XL:     5   Next: 40%
Magic:  4/4        EV:  9    Int:  5    God:
Gold:   150        SH:  4    Dex:  9    Spells: 4/4 levels left

rFire   . . .        a - +0 war axe
rCold   . . .        c - +0 buckler
rNeg    . . .        b - +0 scale mail
rPois   .            (helmet restricted)
rElec   .            (no cloak)
rCorr   +            h - +0 pair of gloves
SInv    .            e - +2 pair of boots
Will    .....        (no amulet) Stlth
                     i - ring of resist corrosion
HPRegen 0.27/turn    (no ring)
MPRegen 0.09/turn

%: no passive effects
@: lethally poisoned (-3 -> -39), attractive, slowed, very slow
A: horns 2, retaliatory headbutt
a: no special abilities


You were in a sewer.
You visited 1 branch of the dungeon, and saw 3 of its levels.
You also visited: Sewer.

You collected 150 gold pieces.

Inventory:

Hand Weapons
 a - a +0 war axe (weapon)
Missiles
 k - 4 javelins
Armour
 b - a +0 scale mail (worn)
 c - a +0 buckler (worn)
 e - a +2 pair of boots (worn)
 h - a +0 pair of gloves (worn)
Jewellery
 i - a ring of resist corrosion (left hand)
Scrolls
 f - 2 scrolls of torment {unknown}
 g - a scroll of noise {unknown}
 j - 2 scrolls of identify {unknown}
 m - a scroll of blinking {unknown}
 o - a scroll of teleportation {unknown}
 r - a scroll of fog {unknown}
Potions
 d - 2 potions of might
 l - a potion of berserk rage {unknown}
 n - a potion of enlightenment {unknown}
 p - a potion of attraction
 q - a potion of curing {unknown}
 s - a potion of brilliance {unknown}


   Skills:
 - Level 3.6 Fighting
 + Level 6.0 Axes
 - Level 3.6 Armour
 - Level 5.0 Shields


You had 4 spell levels left.
You didn't know any spells.
Your spell library contained the following spells:

 Spells                   Type           Power      Damage    Failure   Level
 Freeze                   Ice            0%         1d3       85%         1
 Cigotuvi's Dreadful Rot  Necr/Pois/Air  0%         N/A       94%         2
 Frozen Ramparts          Ice            0%         1d1       99%         3
 Hailstorm                Conj/Ice       0%         3d3       99%         3
 Dispel Undead            Necr           0%         3d6       100%        4
 Death Channel            Necr           0%         N/A       100%        6


Dungeon Overview and Level Annotations

Branches:
Dungeon (3/15)              Sewer (1/1)

Altars:


Innate Abilities, Weirdness & Mutations

You have a pair of horns on your head.
You reflexively headbutt those who attack you in melee.


Message History

The ball python bites you. The ball python barely misses you.
You hit the ball python. Your headbutt misses the ball python.
The ball python is severely wounded.
You block the ball python's attack. The ball python grabs you.
The ball python constricts you.
The ball python bites you but does no damage.
The ball python constricts you.
You barely miss the ball python. Your headbutt misses the ball python.
The ball python is severely wounded.
You block the ball python's attack. The ball python constricts you.
You slash the ball python!
You kill the ball python!
You enter the shallow water.
Moving in this stuff is going to be slow.
A kobold brigand comes into view.
It is wielding a +0 dagger and quivering curare-tipped darts.
The kobold brigand shouts!
The kobold brigand throws a curare-tipped dart.
The curare-tipped dart hits you.
You are poisoned.
You have difficulty breathing.
You feel yourself slow down.
You feel extremely sick.
You feel sick.
You start resting.
You feel sick. x4
You are no longer poisoned.
The kobold brigand throws a curare-tipped dart.
The curare-tipped dart barely misses you.
The kobold brigand throws a curare-tipped dart.
The curare-tipped dart hits you.
You are poisoned.
You have difficulty breathing.
You feel as though you will be slow longer.
The kobold brigand throws a curare-tipped dart.
The curare-tipped dart hits you.
You are more poisoned.
You have difficulty breathing.
* * * LOW HITPOINT WARNING * * *
You feel as though you will be slow longer.
It was a potion of attraction.
You feel attractive to monsters.
You die...

~~~~~~~...## ~#
~.~~~..~...# ~#
.......~~~.## K#
P.......~...## ~#
~#~.P......~~## ~# ≈#
~#~..P.PP.~~.~####~#
≈≈≈≈
#≈≈~......~.~~~.#~#≈≈≈≈#
#≈≈≈≈≈#P#~~.†~~.~~K≈≈≈≈≈
#≈≈≈≈≈#≈#≈≈≈~..@~~≈≈≈≈≈≈
≈≈≈ #≈#≈≈≈≈≈≈≈≈≈≈≈≈≈≈≈
≈≈ #≈#≈≈≈≈≈≈≈≈≈≈≈≈≈≈≈
#≈≈≈≈≈≈≈≈≈≈≈≈≈≈≈
#≈≈≈≈≈≈≈≈≈≈≈≈≈≈#
#≈≈≈≈≈≈≈≈≈≈≈≈≈≈≈
#≈≈≈≈≈≈≈≈≈≈≈≈≈≈≈
≈≈≈~~...≈≈≈≈≈≈≈


You could see a kobold brigand.

Vanquished Creatures
  A kobold brigand (Sewer)
  A river rat (D:3)
  6 adders
  2 dart slugs
  9 ball pythons
  7 bats
  3 endoplasms
  3 giant cockroaches
  A goblin (D:2)
  2 hobgoblins (D:1)
  2 jackals (Sewer)
  A quokka (D:1)
  11 frilled lizards
  3 kobolds
  9 rats
61 creatures vanquished.

Notes
Turn   | Place    | Note
-------+----------+-------------------------------------------
     0 | D:1      | bmack86 the Minotaur Fighter began the quest for the Orb.
     0 | D:1      | Reached XP level 1. HP: 19/19 MP: 0/0
   250 | D:1      | Reached XP level 2. HP: 26/26 MP: 1/1
   510 | D:1      | Reached skill level 3 in Axes
   629 | D:1      | Found a faded altar of an unknown god.
   836 | D:2      | Identified the +0 robe "Hoxzor" {rF+ Int-5 SInv Archmagi}
   849 | D:2      | Reached XP level 3. HP: 31/31 MP: 2/2
   923 | D:2      | Reached skill level 5 in Shields
  1023 | D:2      | Reached skill level 4 in Axes
  1212 | D:2      | Reached XP level 4. HP: 38/39 MP: 3/3
  1791 | D:3      | Found a glowing drain.
  1805 | Sewer    | Entered a sewer
  1864 | Sewer    | Noticed a kobold brigand
  1880 | Sewer    | Killed a kobold brigand
  1881 | Sewer    | Reached skill level 5 in Axes
  1881 | Sewer    | Reached XP level 5. HP: 32/45 MP: 4/4
  1966 | Sewer    | Reached skill level 6 in Axes
  2012 | Sewer    | Succumbed to a kobold brigand's curare-tipped dart

Illustrated notes

Levels and vault maps discovered:
D:1:      dpeg_arrival_another_circle, layout_loops_ring,
          shapermc_ecumenical_altar_mp_highgroup
D:2:      layout_basic, minmay_surrounded
D:3:      layout_basic, mainiacjoe_overflow_tiny_flanked, portal_sewer_entry_b,
          grunt_decor_junction
Sewer:    sewer_co_scattered_pipes

Skill      XL: |  1  2  3  4  5 |
---------------+----------------+-----
Shields        | 4 5 |  5.0
Axes           | 3 4 5 6 |  6.0
Fighting       | |  3.6
Armour         | |  3.6

Action                     |  1- 3 |  4- 6 || total
---------------------------+-------+-------++-------
  Melee: War axe           |    57 |    71 ||   128
         Headbutt          |    10 |     8 ||    18
    Use: Potion            |       |     1 ||     1
 Armour: Scale mail        |    49 |    41 ||    90
  Dodge: Dodged            |    32 |    31 ||    63
  Block: Buckler           |    11 |    14 ||    25

Table legend: (Time is in decaauts)
 A = Elapsed time spent in this place.
 B = Non-inter-level travel time spent in this place.
 C = Inter-level travel time spent in this place.
 D = Time resting spent in this place.
 E = Time spent auto-exploring this place.
 F = Levels seen in this place.
 G = Mean time per level.
                   A        B        C        D        E       F      G
               +--------+--------+--------+--------+--------+-----+--------+
         Total |   2076 |   2040 |     36 |      6 |   1423 |   4 |  519.0 |
       Dungeon |   1836 |   1800 |     36 |      0 |   1355 |   3 |  612.0 |
         Sewer |    239 |    239 |      0 |      6 |     68 |   1 |  239.0 |
               +--------+--------+--------+--------+--------+-----+--------+

Top non-repeatable levels by time:
     D:2: 967 daAuts
     D:1: 840 daAuts
   Sewer: 239 daAuts
     D:3: 28 daAuts
